 Dungeon Crawl Stone Soup version 0.28.0 (webtiles) character file.

Game seed: 11230649863922298503

14244 PieDemon the Brawler (level 12, 0/104 HPs)
             Began as a Ghoul Delver on Feb 6, 2022.
             Was an Initiate of Yredelemnul.
             Slain by a sixfirhy (10 damage)
             ... summoned by a kobold demonologist
             ... on level 11 of the Dungeon.
             The game lasted 00:56:27 (13050 turns).

PieDemon the Brawler (Ghoul Delver)                Turns: 13050, Time: 00:56:31

Health: 0/104      AC: 15    Str: 25    XL:     12   Next: 14%
Magic:  13/17      EV:  7    Int:  5    God:    Yredelemnul [......]
Gold:   275        SH:  5    Dex: 12    Spells: 11/11 levels left

rFire   . . .      SeeInvis +     - Unarmed
rCold   + . .      Faith    .   (no shield)
rNeg    + + +      Spirit   .   W - +1 plate armour {Will+}
rPois   ∞          Reflect  +   a - +0 helmet
rElec   .          Harm     .   (no cloak)
rCorr   .          Rampage  .   (no gloves)
Will    +....                   (no boots)
Stlth   ..........              L - amulet of reflection
HPRegen 0.00/turn               k - +6 ring of strength
MPRegen 0.15/turn               Q - ring of see invisible

@: about to teleport, inhibited regen
A: claws 1, cold resistance 1, negative energy resistance 3, inhibited
regeneration, torment resistance 2
a: Renounce Religion, Recall Undead Harvest


You were on level 11 of the Dungeon.
You worshipped Yredelemnul.
Yredelemnul was aware of your devotion.
You visited 1 branch of the dungeon, and saw 11 of its levels.

You collected 507 gold pieces.
You spent 232 gold pieces at shops.

Inventory:

Hand Weapons
 i - a +1 dagger of freezing
 r - a +0 short sword of venom
 B - a +0 dagger of speed
 D - a +1 dagger of distortion
Missiles
 s - 5 atropa-tipped darts
 A - 23 poisoned darts
Armour
 a - a +0 helmet (worn)
 n - a +0 kite shield
 P - a +0 pair of gloves
 W - a +1 plate armour of willpower (worn)
Jewellery
 e - a ring of fire
 k - a +6 ring of strength (left claw)
 t - a ring of resist corrosion
 u - a ring of ice
 L - an amulet of reflection (around neck)
 Q - a ring of see invisible (right claw)
Wands
 f - a wand of digging (4)
 G - a wand of flame (29)
 N - a wand of iceblast (2)
 V - a wand of paralysis (6)
Scrolls
 b - 5 scrolls of fog
 d - a scroll of fear
 m - a scroll of acquirement {unknown}
 p - a scroll of vulnerability
 v - 4 scrolls of blinking
 w - a scroll of immolation {unknown}
 y - a scroll of identify {unknown}
 E - a scroll of summoning {unknown}
 F - a scroll of enchant armour {unknown}
 H - a scroll of brand weapon {unknown}
 T - a scroll of noise {unknown}
Potions
 h - 2 potions of brilliance {unknown}
 j - 3 potions of mutation {unknown}
 o - 3 potions of curing
 q - a potion of attraction {unknown}
 x - 2 potions of heal wounds {unknown}
 z - 2 potions of degeneration {unknown}
 C - a potion of invisibility {unknown}
 J - a potion of cancellation {unknown}
 K - a potion of lignification {unknown}
 M - 2 potions of ambrosia {unknown}
 O - 2 potions of resistance {unknown}
 U - a potion of might {unknown}
Miscellaneous
 g - a phial of floods


   Skills:
 + Level 9.3 Fighting
 + Level 6.1 Armour
 - Level 2.0 Dodging
 - Level 6.0 Stealth
 + Level 1.6 Shields
 * Level 15.5 Unarmed Combat
 - Level 8.0 Invocations


You had 11 spell levels left.
You didn't know any spells.
Your spell library contained the following spells:

 Spells                   Type           Power      Damage    Failure   Level
 Sting                    Tmut/Pois      0%         1d3       100%        1
 Ensorcelled Hibernation  Hex/Ice        0%         N/A       100%        2
 Poisonous Vapours        Pois/Air       0%         N/A       100%        2
 Static Discharge         Conj/Air       0%         N/A       100%        2
 Anguish                  Hex/Necr       0%         N/A       100%        4
 Animate Dead             Necr           0%         N/A       100%        4
 Olgreb's Toxic Radiance  Pois           0%         N/A       100%        4
 Sticky Flame             Conj/Fire      0%         2d3       100%        4
 Borgnjor's Vile Clutch   Necr/Erth      0%         N/A       100%        5
 Fireball                 Conj/Fire      0%         3d3       100%        5
 Irradiate                Conj/Tmut      0%         3d14      100%        5
 Iskenderun's Battlesphe  Conj           0%         2d6       100%        5
 Conjure Ball Lightning   Conj/Air       0%         3x3d6     100%        6
 Orb of Destruction       Conj           0%         9d5       100%        7
 Chain Lightning          Conj/Air       0%         N/A       100%        9
 Fire Storm               Conj/Fire      0%         5d1       100%        9
 Shatter                  Erth           0%         3d5*      100%        9
 Spider Form              Tmut/Pois      Unusable   N/A       N/A         3
 Blade Hands              Tmut           Unusable   N/A       N/A         5
 Death Channel            Necr           Unusable   N/A       N/A         6
 Dragon Form              Tmut           Unusable   N/A       N/A         7

Dungeon Overview and Level Annotations

Branches:
Dungeon (11/15)            Temple (0/1) D:4            Lair (0/6) D:11
    Orc (0/2) D:9

Altars:
Nemelex Xobeh
Yredelemnul
The Shining One

Shops:
D:4 (   D:7 **!![   D:11 !

Annotations:
D:3 exclusion: 2 downstairs
D:4 exclusion: downstairs
D:6 exclusion: downstairs
D:8 exclusion: downstairs


Innate Abilities, Weirdness & Mutations

You thrive by killing the living.
You are immune to poison.
You have sharp fingernails.
Your flesh is cold resistant. (rC+)
You are immune to negative energy. (rN+++)
You do not regenerate when monsters are visible.
You are immune to unholy pain and torment.


Message History

Something bites your phantasmal warrior.
Something closely misses your phantasmal warrior.
Something claws your phantasmal warrior!
Your phantasmal warrior is destroyed!
Your phantasmal warrior disappears in a puff of smoke!
The sixfirhy barely misses you.
There is an entrance to Cuvugel's Distillery here.
Throw: 2 boomerangs (disperse)
Press: ? - help, Shift-Dir - straight line, f - sixfirhy
Aim: a sixfirhy (summoned, 27% to hit)
You throw a boomerang of dispersal.
The boomerang of dispersal closely misses the sixfirhy.
The boomerang of dispersal barely misses the hornet.
The boomerang of dispersal hits the kobold demonologist but does no damage.
The crimson imp disappears in a puff of smoke!
The sixfirhy hits you but does no damage.
Throw: boomerang (disperse)
Press: ? - help, Shift-Dir - straight line, f/p - sixfirhy
Aim: a sixfirhy (summoned, 27% to hit)
You throw a boomerang of dispersal.
The boomerang of dispersal hits the sixfirhy but does no damage.
Unknown command.
Okay, then.
As you read the scroll labelled PEZ YGGAMASEIH, it crumbles to dust.
You feel strangely unstable.
It was a scroll of teleportation.
The sixfirhy hits you!
* * * LOW HITPOINT WARNING * * *
The sixfirhy shocks you!
* * * LOW HITPOINT WARNING * * *
The sixfirhy hits you but does no damage. x2
The sixfirhy barely misses you.
You feel better. You block the sixfirhy's attack. The sixfirhy hits you.
* * * LOW HITPOINT WARNING * * *
The sixfirhy shocks you!
* * * LOW HITPOINT WARNING * * *
The sixfirhy hits you.
* * * LOW HITPOINT WARNING * * *
The sixfirhy shocks you!
You die...
Yredelemnul claims you as an undead slave.

..P......,,.#.#..#........#####..
.......4,,,.#.#..#...............
PPP..).###*.#....................
,,,#.)...##.#....Z.....######....
,,#..#.#.#..#.#...#..#.#....'.#..
*,+.,#...#..#3#...#....#....#.#..
,.#+##..Z#'##o♣♣♣♣♣....######....
..........5.54♣###♣#.............
#..##..#...H#Ky3@# #.#...........
.,.........oOo♣### #............#
*#############♣****#+############
,,* *,,,,,,,,,,,,,,,,,,,,,**,...
,,* *,,,,,,,,,,,,,,,,,,,,,**,.##
+********+***************#+#####.
,,,,,,,,,,,,,,,* *,,,,,.^......
,,,**,,,,,,,,,,* *,,**,........
,,,,,,,,,,,,,,,*****,,,,,........


You could see a two-headed ogre, a kobold demonologist, a sixfirhy (summoned), a
hornet, a red devil (summoned), a crimson imp (summoned), 2 orcs and an ufetubus
(summoned).

Vanquished Creatures
  2 hydras
  A boulder beetle (D:9)
  2 centaur warriors (D:9)
  A two-headed ogre (D:11)
  A deep elf pyromancer (D:11)
  A cyclops (D:10)
  3 centaur zombies (D:10)
  A komodo dragon (D:11)
  3 trolls
  A hornet (D:9)
  Grinder (D:4)
  A shadow (D:9)
  2 wyverns (D:9)
  9 yaks
  Menkaure (D:7)
  3 acid dragons (D:8)
  5 water moccasins (D:11)
  6 orc warriors
  2 ice beasts
  2 ogres
  4 black bears
  3 centaurs
  2 phantoms
  Blork the orc (D:4)
  2 kobold brigands (D:8)
  2 scorpions
  A wyvern zombie (D:8)
  A bullfrog (D:8)
  A water moccasin skeleton (D:4)
  7 killer bees
  3 wights (D:8)
  A bullfrog zombie (D:5)
  2 hounds
  2 jellies (D:7)
  A bullfrog skeleton (D:7)
  A centaur skeleton (D:5)
  6 orc priests
  An iguana (D:5)
  A scorpion zombie (D:5)
  Natasha (D:4)
  11 orc wizards
  A killer bee zombie (D:9)
  2 howler monkey zombies (D:9)
  2 gnolls (D:7)
  9 adders
  3 white imps
  An adder skeleton (D:4)
  2 worms
  3 dart slugs
  35 orcs
  14 endoplasms
  12 giant cockroaches
  5 goblins
  5 hobgoblins
  4 jackals (D:1)
  4 quokkas
  8 ball pythons
  5 bats
  3 frilled lizards
  15 kobolds
  An orc zombie (D:6)
  2 rats (D:1)
238 creatures vanquished.

Vanquished Creatures (collateral kills)
  An ugly thing (D:9)
  A centaur zombie (D:9)
  A wyvern (D:9)
  A yak (D:9)
  An orc warrior (D:8)
  A centaur (D:9)
  A howler monkey (D:9)
  An orc priest (D:8)
  Natasha (twice) (D:4)
  2 gnolls (D:7)
  5 orcs
17 creatures vanquished.

Vanquished Creatures (others)
  2 wyvern zombies (D:9)
  2 water moccasin zombies (D:11)
  A spectral ice beast (D:5)
  4 centaur zombies (D:9)
  A black bear zombie (D:11)
  5 killer bee zombies
  3 acid dragon zombies (D:8)
  A howler monkey zombie (D:9)
  A spectral jelly (D:7)
  A giant cockroach zombie (D:2)
  2 gnoll zombies (D:7)
  3 hobgoblin zombies (D:7)
  A kobold zombie (D:8)
  19 orc zombies
  A spectral endoplasm (D:4)
  4 fungi (D:11)
  12 plants
63 creatures vanquished.

Grand Total: 318 creatures vanquished

Notes
Turn   | Place    | Note
-------+----------+-------------------------------------------
     0 | D:5      | PieDemon the Ghoul Delver began the quest for the Orb.
     0 | D:5      | Reached XP level 1. HP: 19/19 MP: 0/0
    56 | D:4      | Noticed a phantom
    90 | D:5      | Reached XP level 2. HP: 8/26 MP: 1/1
   426 | D:4      | Noticed Blork the orc
   433 | D:4      | Found a staircase to the Ecumenical Temple.
   472 | D:3      | Reached skill level 3 in Unarmed Combat
   540 | D:3      | Reached XP level 3. HP: 33/33 MP: 2/2
   823 | D:1      | Reached XP level 4. HP: 36/40 MP: 3/3
  1471 | D:2      | Found a faded altar of an unknown god.
  1489 | D:2      | Prayed at the altar of an unknown god.
  1489 | D:2      | Became a worshipper of Yredelemnul the Dark
  1489 | D:2      | Reached * piety under Yredelemnul
  1635 | D:2      | Reached ** piety under Yredelemnul
  1788 | D:2      | Reached skill level 4 in Unarmed Combat
  1806 | D:2      | Reached XP level 5. HP: 38/46 MP: 4/4
  1871 | D:2      | Reached *** piety under Yredelemnul
  2674 | D:3      | Reached skill level 1 in Armour
  2938 | D:4      | Noticed a black bear
  2949 | D:4      | Killed a black bear
  2950 | D:4      | Reached skill level 5 in Unarmed Combat
  2950 | D:4      | Reached XP level 6. HP: 38/53 MP: 5/5
  3067 | D:4      | Noticed Natasha
  3078 | D:4      | Killed Natasha
  3286 | D:4      | Noticed Natasha
  3309 | D:4      | Killed Natasha
  3421 | D:4      | Reached skill level 5 in Fighting
  3421 | D:4      | Reached XP level 7. HP: 37/61 MP: 6/6
  3433 | D:4      | Noticed Natasha
  3438 | D:4      | Killed Natasha
  3439 | D:4      | Reached skill level 6 in Unarmed Combat
  3624 | D:4      | Reached skill level 1 in Invocations
  3629 | D:4      | Found Moycal's Antique Weapon Emporium.
  3845 | D:4      | Killed Blork the orc
  3917 | D:5      | Noticed Grinder
  3929 | D:4      | Killed Grinder
  3930 | D:4      | Reached skill level 7 in Unarmed Combat
  4227 | D:5      | Reached XP level 8. HP: 66/68 MP: 9/9
  4301 | D:5      | Reached skill level 8 in Unarmed Combat
  4813 | D:5      | Reached skill level 9 in Unarmed Combat
  5152 | D:6      | Reached skill level 5 in Invocations
  5458 | D:6      | Reached XP level 9. HP: 17/74 MP: 10/12
  6001 | D:7      | Found Utsedot's Assorted Antiques.
  6006 | D:7      | Reached skill level 10 in Unarmed Combat
  6010 | D:7      | Bought a pair of gloves for 130 gold pieces
  6072 | D:7      | Found Zopno's Elemental Accessories.
  6342 | D:7      | Found Miotroh's Distillery.
  6381 | D:7      | Found Resaghu's Armour Shop.
  6660 | D:7      | Noticed Menkaure
  6668 | D:7      | Killed Menkaure
  7111 | D:7      | Found Jimoisoi's Distillery.
  7116 | D:7      | Got the Volume of Focus
  7182 | D:7      | Reached skill level 11 in Unarmed Combat
  7209 | D:7      | Bought a +0 helmet for 63 gold pieces
  8046 | D:8      | Noticed a four-headed hydra
  8493 | D:8      | Reached XP level 10. HP: 36/83 MP: 14/14
  8726 | D:8      | Found a sparkling altar of Nemelex Xobeh.
  9278 | D:8      | Reached skill level 12 in Unarmed Combat
  9297 | D:8      | Found the +1 robe of Vines {NoPotionHeal Regen++++}
  9853 | D:8      | Found a sparkling altar of Nemelex Xobeh.
 10232 | D:8      | Killed a four-headed hydra
 10718 | D:9      | Noticed a white ugly thing
 10728 | D:9      | Reached skill level 13 in Unarmed Combat
 10733 | D:9      | Killed a white ugly thing
 10803 | D:9      | Noticed a centaur warrior
 10813 | D:9      | Killed a centaur warrior
 10813 | D:9      | Reached **** piety under Yredelemnul
 10814 | D:9      | Reached XP level 11. HP: 43/93 MP: 16/16
 10818 | D:9      | Noticed a centaur warrior
 10819 | D:9      | Noticed a boulder beetle
 10840 | D:9      | Killed a centaur warrior
 10877 | D:9      | Killed a boulder beetle
 10878 | D:9      | Reached skill level 14 in Unarmed Combat
 11119 | D:9      | Noticed a four-headed hydra
 11140 | D:9      | Killed a four-headed hydra
 11443 | D:9      | Reached skill level 5 in Armour
 11735 | D:9      | Found a staircase to the Orcish Mines.
 11975 | D:10     | Entered Level 10 of the Dungeon
 12363 | D:10     | Noticed a cyclops
 12376 | D:10     | Killed a cyclops
 12377 | D:10     | Reached skill level 15 in Unarmed Combat
 12854 | D:11     | Noticed a deep elf pyromancer
 12871 | D:11     | Killed a deep elf pyromancer
 12978 | D:11     | Found Cuvugel's Distillery.
 12981 | D:11     | Bought a potion of curing for 39 gold pieces
 12999 | D:11     | Noticed a two-headed ogre
 13009 | D:11     | Reached XP level 12. HP: 104/104 MP: 17/17
 13011 | D:11     | Killed a two-headed ogre
 13011 | D:11     | Noticed a two-headed ogre
 13012 | D:11     | Reached skill level 1 in Shields
 13050 | D:11     | Slain by a sixfirhy

Illustrated notes

Levels and vault maps discovered:
D:1:      dpeg_arrival_simpleton_c, layout_loops_ring
D:2:      minmay_roachtagon, layout_basic, ebering_ecumenical_altar_hall,
          basic_altar
D:3:      layout_loops_ring
D:4:      layout_cave_pools, minmay_temple_entry_ruins, serial_shops,
          kennysheep_little_box, serial_park, serial_park_square1
          [serial_park_minivault_5x5_7], serial_park_tiny_pond,
          serial_park_gazebo [serial_park_minivault_5x5_8], uniq_blork_the_orc,
          uniq_natasha
D:5:      layout_gridville, st_stairs_9, uniq_grinder
D:6:      layout_loops_cross
D:7:      layout_loops_ring, serial_shops, nicolae_shop_trees,
          nicolae_stop_n_shop_2, shop, nicolae_inconvenience_store,
          nicolae_elemental_shop, sigmund_army, uniq_menkaure
D:8:      layout_gridville, nemelex_diamond_rough_becter,
          kennysheep_flooded_box, st_stairs_12, hellmonk_guarded_unrand_vines
D:9:      layout_cave_pools, orc_0_dummy, hangedman_decor_growths,
          minmay_pinched_square
D:10:     layout_loops_ring
D:11:     layout_stronghold, due_lair_maze_entry_diamond, serial_shops,
          bzr_entry_gold, shop, kennysheep_mini_moat

Skill      XL: |  1  2  3  4  5  6  7  8  9 10 11 12 |
---------------+-------------------------------------+-----
Unarmed Combat | 3 4 5 7 9 11 13 15 | 15.5
Stealth        | 6 |  6.0
Fighting       | 4 5 7 9 |  9.3
Dodging        | 2 |  2.0
Armour         | 1 2 4 5 6 |  6.1
Invocations    | 3 5 7 8 |  8.0
Shields        | 1 |  1.6

Action                   |  1- 3 |  4- 6 |  7- 9 | 10-12 || total
-------------------------+-------+-------+-------+-------++-------
Melee: Dagger            |    31 |       |       |       ||    31
       Unarmed           |    36 |   212 |   266 |   234 ||   748
       Punch             |     2 |     7 |    20 |    20 ||    49
Throw: Stone             |     2 |       |       |       ||     2
       Dart              |       |     1 |    10 |    11 ||    22
       Throwing net      |       |       |     1 |     1 ||     2
       Boomerang         |       |       |       |     4 ||     4
Invok: Dark Bargain      |       |     1 |     1 |     3 ||     5
       Recall Undead Har |       |       |     1 |       ||     1
Evoke: Wand              |       |       |     4 |    19 ||    23
  Use: Scroll            |     1 |       |     3 |     4 ||     8
       Potion            |       |       |     1 |     3 ||     4
 Stab: Sleeping          |     6 |       |       |       ||     6
       Distracted        |     1 |     2 |     1 |     2 ||     6
       Invisible         |       |     1 |     1 |       ||     2
Armor: Leather armour    |     9 |     7 |       |       ||    16
       Chain mail        |       |   113 |    78 |       ||   191
       Plate armour      |       |       |    26 |   115 ||   141
Dodge: Dodged            |    25 |    90 |    91 |    69 ||   275
Block: Other             |       |       |    25 |    48 ||    73
       Reflection        |       |       |     1 |     1 ||     2
